 Dungeon Crawl Stone Soup version 0.31.0-11-ge490571c62 (webtiles) character file.

Game seed: 193513361197251813

399 browni3141 the Conjurer (level 6, -1/41 HPs)
             Began as a Demonspawn Conjurer on Jan 30, 2024.
             Was an Initiate of Vehumet.
             Slain by an orc
             ... wielding a +0 flail
              (10 damage)
             ... on level 4 of the Dungeon.
             The game lasted 00:06:51 (4669 turns).

browni3141 the Conjurer (Demonspawn Conjurer)       Turns: 4669, Time: 00:06:52

Health: -1/41      AC:  3    Str:  8    XL:     6   Next: 54%
Magic:  0/11       EV: 12    Int: 20    God:    Vehumet [......]
Gold:   279        SH:  0    Dex: 11    Spells: 9/12 levels left

rFire   . . .        d - +0 dagger
rCold   . . .        (no shield)
rNeg    . . .        a - +0 robe
rPois   .            (no helmet)
rElec   .            (no cloak)
rCorr   .            (no gloves)
SInv    +            j - +0 pair of boots
Will    .....        (no amulet)
Stlth   ++           i - ring of see invisible
HPRegen 0.26/turn    (no ring)
MPRegen 0.12/turn

%: no passive effects
@: no status effects
A: powered by death 2, demonic magic 1
a: Renounce Religion


You were on level 4 of the Dungeon.
You worshipped Vehumet.
Vehumet was noncommittal.
You visited 1 branch of the dungeon, and saw 5 of its levels.

You collected 279 gold pieces.

Inventory:

Hand Weapons
 d - a +0 dagger (weapon)
Armour
 a - a +0 robe (worn)
 j - a +0 pair of boots (worn)
Magical Staves
 h - a staff of fire
Jewellery
 i - a ring of see invisible (left hand)
Wands
 q - a wand of paralysis (9)
Scrolls
 e - 2 scrolls of amnesia {unknown}
 f - a scroll of fear {unknown}
 g - a scroll of identify {unknown}
 o - a scroll of poison {unknown}
 p - a scroll of revelation {unknown}
Potions
 b - a potion of magic
 k - 2 potions of heal wounds {unknown}
 l - a potion of curing {unknown}
 m - a potion of degeneration {unknown}
 n - a potion of might {unknown}
 r - a potion of enlightenment {unknown}


   Skills:
 + Level 3.6 Dodging
 + Level 3.8 Stealth
 + Level 3.6 Spellcasting
 - Level 5.0 Conjurations


You had 9 spell levels left.
You knew the following spells:

 Your Spells              Type           Power      Damage    Failure   Level
a - Magic Dart            Conj           92%        1d7       1%          1
b - Searing Ray           Conj           46%        2d6       2%          2

Your spell library contained the following spells:

 Spells                   Type           Power      Damage    Failure   Level
 Tukima's Dance           Hex            3%         N/A       38%         3
 Fulminant Prism          Conj/Alch      6%         3d7       43%         4
 Iskenderun's Mystic Bla  Conj/Tloc      13%        2d5       43%         4
 Dimensional Bullseye     Hex/Tloc       1%         N/A       80%         4


Dungeon Overview and Level Annotations

Branches:
Dungeon (5/15)
 Temple: D:4-7

Altars:
Makhleb
Qazlal
Vehumet

Annotations:
D:5 Pikel


Innate Abilities, Weirdness & Mutations

You regenerate health from kills.
Spells you cast may paralyse adjacent enemies.


Message History

Pikel freezes you.
Aiming: Paralyse
Press: ? - help, Shift-Dir - straight line, f - Pikel
Aim: Pikel, wielding a +1 whip of freezing and wearing a +0 robe (severely wounded, chance to affect: 49%) Pikel suddenly stops moving!
The helpless Pikel fails to defend himself.
You hit Pikel.
Pikel is severely wounded.
You climb upwards.
There is a stone staircase leading down, spattered with blood here.
You start resting.
Magic restored.
There is a stone staircase leading down here.
You start resting.
HP restored.
You climb downwards.
Level annotation: Pikel A kobold comes into view.
It is wielding a +0 short sword.
There is a stone staircase leading up here.
The magic dart hits the kobold.
The kobold is heavily wounded.
Malevolent energies surge around you.
The magic dart hits the kobold.
The kobold is heavily wounded.
Malevolent energies surge around you.
The kobold throws a stone.
The stone hits you but does no damage.
The magic dart hits the kobold.
You kill the kobold!
Vehumet accepts your kill. Malevolent energies surge around you.
You can't see any susceptible monsters within range! (Use Z to cast anyway.)
An orc is nearby!
The magic dart hits the orc but does no damage.
The orc shouts!
Malevolent energies surge around you.
The magic dart hits the orc.
The orc is heavily wounded.
The orc shouts!
Malevolent energies surge around you.
You hear a shout! x2
The magic dart hits the orc but does no damage.
Malevolent energies surge around you.
The magic dart hits the orc!
The orc is almost dead.
Malevolent energies surge around you.
The magic dart hits the orc but does no damage.
The orc is almost dead.
Malevolent energies surge around you.
The magic dart hits the orc.
The orc is almost dead.
Malevolent energies surge around you.
The magic dart hits the orc.
You kill the orc!
Vehumet accepts your kill. Malevolent energies surge around you.
Pikel shouts!
You hear a shout!
The magic dart hits the orc.
The orc is severely wounded.
Malevolent energies surge around you.
You barely miss the orc.
The orc is severely wounded.
The orc closely misses you.
Casting: Magic Dart (safe; 1% risk of failure)
Confirm with . or Enter, or press ? or * to list all spells.
Aiming: Searing Ray (safe; 2% risk of failure)
Press: ? - help, Shift-Dir - straight line, f/p - orc
Aim: an orc, wielding a +0 flail (severely wounded, 78% to hit)
You miscast Searing Ray.
You are very lightly contaminated with residual magic.
Nothing appears to happen.
The gnoll hits you from afar with a +0 spear.
The orc misses you.
The gnoll hits you from afar with a +0 spear.
The orc closely misses you.
The gnoll hits you from afar with a +0 spear!
The orc barely misses you.
You climb upwards.
There is a stone staircase leading down here.
You hit the orc.
The orc is severely wounded.
The orc hits you with a +0 flail!
You hit the orc but do no damage.
The orc is severely wounded.
The orc hits you with a +0 flail!
You closely miss the orc.
The orc is severely wounded.
The orc hits you with a +0 flail.
Your magical contamination has completely faded away.
Casting: Searing Ray (safe; 2% risk of failure)
Confirm with . or Enter, or press ? or * to list all spells.
Aiming: Searing Ray (safe; 2% risk of failure)
Press: ? - help, Shift-Dir - straight line, f - orc
Aim: an orc, wielding a +0 flail (severely wounded, 78% to hit)
The searing ray misses the orc. (Press . to maintain the ray.) Malevolent energies surge around you.
The orc closely misses you.
You closely miss the orc.
The orc is severely wounded.
The orc hits you with a +0 flail!
You die...

..####...##.##...#......#
....#.......##..##..##.##
........##..##.###...###
..#########.#....##.##
.###.#####.......##.##
####.....#.###...#...#
###∩_..).....##.##..>#
.###............o######
.# #.##...##.##.@#....#
.#######...#..........#
..#######............##
...##.#.#...........##
..........####.....##
...##.#....# #.....#
....#......###....##
.....#<..#..##.####
.....##..##..#.#


You could see an orc.

Vanquished Creatures
  An ice beast (D:5)
  2 lemures
  2 hounds (D:4)
  An orc priest (D:3)
  An iguana (D:4)
  A sleepcap (D:4)
  Terence (D:2)
  3 adders
  3 dart slugs
  4 ribbon worms
  9 orcs
  8 ball pythons
  4 bats
  3 endoplasms (D:1)
  2 giant cockroaches
  7 goblins
  5 hobgoblins
  11 jackals
  10 kobolds
  6 quokkas
  4 frilled lizards
  9 rats
97 creatures vanquished.

Notes
Turn   | Place    | Note
-------+----------+-------------------------------------------
     0 | D:1      | browni3141 the Demonspawn Conjurer began the quest for the
                  | Orb.
     0 | D:1      | Reached XP level 1. HP: 13/13 MP: 3/3
   281 | D:1      | Gained mutation: You regenerate a little health from kills.
                  | [demonic ancestry]
   281 | D:1      | Reached XP level 2. HP: 19/19 MP: 3/5
   389 | D:1      | Found a faded altar of an unknown god.
   623 | D:1      | Gained mutation: You regenerate health from kills. [demonic
                  | ancestry]
   623 | D:1      | Reached XP level 3. HP: 15/24 MP: 1/6
  1468 | D:2      | Learned a level 2 spell: Searing Ray
  1599 | D:2      | Noticed Terence
  1690 | D:2      | Killed Terence
  1691 | D:2      | Reached XP level 4. HP: 12/30 MP: 3/7
  2093 | D:2      | Found a stormy altar of Qazlal.
  3071 | D:3      | Reached XP level 5. HP: 29/35 MP: 5/9
  3532 | D:4      | Found a burning altar of Makhleb.
  3881 | D:4      | Found a radiant altar of Vehumet.
  4065 | D:4      | Became a worshipper of Vehumet
  4093 | D:5      | Entered Level 5 of the Dungeon
  4093 | D:5      | Noticed an ice beast
  4102 | D:5      | Killed an ice beast
  4103 | D:5      | Reached skill level 5 in Conjurations
  4103 | D:5      | Gained mutation: Spells you cast may paralyse adjacent
                  | enemies. [demonic ancestry]
  4103 | D:5      | Reached XP level 6. HP: 36/41 MP: 4/11
  4195 | D:5      | Noticed Pikel
  4669 | D:4      | Slain by an orc

Illustrated notes

Levels and vault maps discovered:
D:1:      amcnicky_arrival_single_pillar, layout_loops_ring,
          hellmonk_ecumenical_altar_pennies_from_heaven
D:2:      kennysheep_big_flooded_room, layout_loops_cross, basic_altar,
          minivault_27, uniq_terence
D:3:      cheibrodos_pilgrimage, layout_basic, minivault_27, minmay_ruptured
D:4:      layout_cave_pools, makhleb_heckhound_becter, lemuel_tele_altar
D:5:      corexii_shantytown, layout_loops_cross, uniq_pikel

Skill      XL: |  1  2  3  4  5 |
---------------+----------------+-----
Stealth        | 2 3 |  3.8
Dodging        | 2 3 |  3.6
Spellcasting   | 3 |  3.6
Conjurations   | 5 |  5.0

Action                     |  1- 3 |  4- 6 || total
---------------------------+-------+-------++-------
  Melee: Unarmed           |    10 |       ||    10
         Dagger            |    68 |    63 ||   131
         Punch             |     2 |       ||     2
   Cast: Magic Dart        |    75 |    97 ||   172
         Searing Ray       |     3 |    15 ||    18
  Evoke: Wand              |       |     2 ||     2
    Use: Potion            |     1 |       ||     1
         Scroll            |       |     2 ||     2
   Stab: Paralysed         |       |    10 ||    10
         Sleeping          |       |     1 ||     1
 Armour: Robe              |    51 |    45 ||    96
  Dodge: Dodged            |    66 |    59 ||   125
